 Dungeon Crawl Stone Soup version 0.29-a0-284-gf9362112df (webtiles) character file.

Game seed: 13424708913493976768

86 sammy202020 the Skirmisher (level 4, -3/29 HPs)
             Began as a Gargoyle Berserker on Mar 21, 2022.
             Was a Believer of Trog.
             Killed by divine providence
             ... invoked by an orc priest
              (12 damage)
             ... on level 4 of the Dungeon.
             The game lasted 00:02:43 (2477 turns).

sammy202020 the Skirmisher (Gargoyle Berserker)     Turns: 2477, Time: 00:02:43

Health: -3/29      AC: 12    Str: 20    XL:     4   Next: 50%
Magic:  4/4        EV: 11    Int: 10    God:    Trog [**....]
Gold:   123        SH:  0    Dex:  9    Spells: 3/3 levels left

rFire   . . .      SeeInvis .   p - +0 flail
rCold   . . .      Faith    .   (no shield)
rNeg    + + .      Spirit   .   l - +0 ring mail
rPois   ∞          Reflect  .   k - +2 hat
rElec   +          Harm     .   (no cloak)
rCorr   .          Rampage  .   (no gloves)
Will    +....                   q - +0 pair of boots
Stlth   ..........              (no amulet)
HPRegen 0.09/turn               h - ring of positive energy
MPRegen 0.09/turn               i - ring of willpower

@: no status effects
A: sickness immunity, AC +3, negative energy resistance 1, electricity
resistance, torment resistance 1, petrification resistance
a: Renounce Religion, Berserk, Trog's Hand


You were on level 4 of the Dungeon.
You worshipped Trog.
Trog was pleased with you.
You visited 1 branch of the dungeon, and saw 4 of its levels.

You collected 123 gold pieces.

Inventory:

Hand Weapons
 a - a +0 mace
 o - a +0 war axe
 p - a +0 flail (weapon)
Armour
 b - a +0 animal skin
 k - a +2 hat (worn)
 l - a +0 ring mail (worn)
 q - a +0 pair of boots (worn)
Jewellery
 c - a +6 ring of intelligence
 h - a ring of positive energy (left hand)
 i - a ring of willpower (right hand)
 j - a ring of ice
Scrolls
 d - 4 scrolls of identify {unknown}
 e - a scroll of fear {unknown}
 g - 2 scrolls of magic mapping {unknown}
 m - a scroll of amnesia {unknown}
 n - a scroll of enchant weapon {unknown}
Potions
 f - a potion of curing {unknown}


   Skills:
 * Level 4.0 Fighting
 * Level 3.7 Maces & Flails
 * Level 3.3 Armour
 + Level 2.0 Dodging


You had 3 spell levels left.
You didn't know any spells.
Your spell library was empty.

Dungeon Overview and Level Annotations

Branches:
Dungeon (4/15)
 Temple: D:4-7

Altars:

Shops:
D:1 (


Innate Abilities, Weirdness & Mutations

You are immune to sickness and miasma.
Your stone body is resilient. (AC +3)
You are immune to poison.
You resist negative energy. (rN+)
You are resistant to electric shocks. (rElec)
You are resistant to unholy torment.
You are immune to petrification.


Message History

An orc comes into view. It is wielding a +0 hand axe.
The orc hits you but does no damage.
You barely miss the orc.
The orc shouts!
The orc closely misses you.
You closely miss the orc. The orc barely misses you.
You hit the orc.
The orc is moderately wounded.
The orc hits you but does no damage.
You sock the orc!
You kill the orc!
Trog accepts your kill. The orc hits you but does no damage.
You closely miss the orc. The orc closely misses you.
You sock the orc!
You kill the orc!
Trog accepts your kill.
You closely miss the orc wizard. The orc wizard closely misses you.
You barely miss the orc wizard.
The orc wizard hits you but does no damage.
You closely miss the orc wizard. The orc wizard barely misses you.
The orc wizard hits you but does no damage.
You hit the orc wizard but do no damage.
The orc wizard closely misses you.
You barely miss the orc wizard.
The orc wizard hits you with a +0 long sword.
You sock the orc wizard!
The orc wizard is severely wounded.
The orc wizard points at you and mumbles some strange words.
The puff of flame hits you!
The orc priest calls down the wrath of Beogh upon you.
Beogh smites you!
You hit the orc wizard but do no damage.
The orc wizard is severely wounded.
The orc wizard closely misses you.
You hit the orc wizard.
The orc wizard is almost dead.
The orc priest calls down the wrath of Beogh upon you.
Beogh smites you!
You die... #...... ..... ....) ... oJ.

#o# #o# #@#
##.#.#
##..#.#
####..##.##
#.........#
#.........#
#.........#
#.........#
#.........#


You could see an orc priest, an orc wizard, an orc and an endoplasm.

Vanquished Creatures
  An orc wizard (D:3)
  An adder (D:2)
  A worm (D:2)
  2 dart slugs (D:1)
  5 orcs
  A ball python (D:2)
  4 endoplasms
  A giant cockroach (D:1)
  2 goblins
  5 hobgoblins
  3 quokkas
  4 bats (D:2)
  A frilled lizard (D:2)
  3 kobolds (D:1)
  6 rats
40 creatures vanquished.

Notes
Turn   | Place    | Note
-------+----------+-------------------------------------------
     0 | D:1      | sammy202020 the Gargoyle Berserker began the quest for the
                  | Orb.
     0 | D:1      | Reached XP level 1. HP: 14/14 MP: 1/1
   374 | D:1      | Reached XP level 2. HP: 15/19 MP: 2/2
   374 | D:1      | Found a faded altar of an unknown god.
   898 | D:1      | Found Dalom's Weapon Shoppe.
  1331 | D:2      | Reached XP level 3. HP: 20/23 MP: 3/3
  1734 | D:2      | Reached ** piety under Trog
  2046 | D:3      | Reached XP level 4. HP: 28/29 MP: 4/4
  2312 | D:3      | Reached skill level 4 in Fighting
  2477 | D:4      | Killed from afar by an orc priest

Illustrated notes

Levels and vault maps discovered:
D:1:      amcnicky_arrival_flooded_fountain, layout_basic, serial_shops,
          nicolae_shop_waterfront, shapermc_ecumenical_altar_starsandcircs
D:2:      layout_basic
D:3:      layout_basic, serial_shops, nicolae_shop_bloodbath_and_beyond
D:4:      layout_rooms, nicolae_wooded_promenade

Skill      XL: |  1  2  3  4 |
---------------+-------------+-----
Armour         | 3 |  3.3
Dodging        | 2 |  2.0
Fighting       | 4 |  4.0
Maces & Flails | |  3.7

Action                   |  1- 3 |  4- 6 || total
-------------------------+-------+-------++-------
Melee: Mace              |    99 |     2 ||   101
       Punch             |     2 |       ||     2
       Flail             |       |    20 ||    20
Invok: Berserk           |     2 |       ||     2
       Trog's Hand       |     1 |       ||     1
Armor: Animal skin       |    39 |     1 ||    40
       Ring mail         |       |     5 ||     5
Dodge: Dodged            |    60 |    10 ||    70

Table legend: (Time is in decaauts)
 A = Elapsed time spent in this place.
 B = Non-inter-level travel time spent in this place.
 C = Inter-level travel time spent in this place.
 D = Time resting spent in this place.
 E = Time spent auto-exploring this place.
 F = Levels seen in this place.
 G = Mean time per level.
                   A        B        C        D        E       F      G
               +--------+--------+--------+--------+--------+-----+--------+
         Total |   2527 |   2481 |     46 |      0 |   2068 |   4 |  631.8 |
       Dungeon |   2527 |   2481 |     46 |      0 |   2068 |   4 |  631.8 |
               +--------+--------+--------+--------+--------+-----+--------+

Top non-repeatable levels by time:
     D:1: 1218 daAuts
     D:2: 822 daAuts
     D:3: 453 daAuts
     D:4: 32 daAuts
